AoeStats
← zelvos

Arena

504644481Analyzed
4v4 RM · 26d ago on Sep 6, 2026· 42m 10s· 8 players
Game mode
Random Map
Map size
Large (8 player)
Population
200
Speed
Normal
Resources
Standard
Victory
Conquest
Starting age
Dark Age
Ending age
Imperial Age
RankedLock teamsTeams togetherTeam positionsShared explorationLock speedFull tech treeHidden civsTurbo modeCheats
Victory
Defeat
🇺🇸 Turks · United States
1011
+14
🇷🇺 Britons · Russia
1010
+14
🇸🇪 Persians · Sweden
1004
+14
🇨🇦 Mapuche · Canada
991
+40
🇺🇸 Bohemians · United States
980
-16
🇺🇸 Huns · United States
971
-14
🇺🇸 Wu · United States
952
-14
🇺🇸 Celts · United States
922
-12
Hobilar
0:47 Loom
12:49 Feudal Age
14:19 Double-Bit Axe
14:41 Gold Mining
22:45 Castle Age
22:16 Wheelbarrow
21:35 Horse Collar
22:37 Forging
23:20 Fletching
24:59 Bow Saw
25:28 Gold Shaft Mining
24:46 Stone Mining
24:59 Heavy Plow
26:34 Elite Skirmisher
28:10 Hand Cart
27:45 Pikeman
28:12 Arson
29:21 Treadmill Crane
29:37 Murder Holes
30:39 Stone Shaft Mining
33:43 Caravan
36:47 Imperial Age
35:07 Ballistics
34:46 Bodkin Arrow
35:29 Iron Casting
34:55 Scale Mail Armor
34:55 Padded Archer Armor
36:01 Malon
36:19 Town Watch
38:42 Butalmapu
38:12 Capped Ram
40:16 Chemistry
41:59 Conscription
HectorSquash24
11:22 Feudal Age
11:45 Horse Collar
11:59 Double-Bit Axe
19:20 Castle Age
20:24 Bow Saw
24:42 Imperial Age
22:56 Wheelbarrow
23:29 Bow Saw
24:44 Hand Cart
27:55 Husbandry
28:06 Bloodlines
31:23 Scale Barding Armor
37:26 Forging
38:32 Heavy Plow
40:40 Heavy Camel Rider
Gautier Sans-Avoir
6:33 Loom
9:48 Feudal Age
10:22 Feudal Age
11:09 Double-Bit Axe
17:46 Castle Age
17:35 Horse Collar
19:13 Light Cavalry
21:39 Heavy Plow
23:15 Bow Saw
23:13 Stone Mining
24:49 Wheelbarrow
27:26 Elite Skirmisher
32:24 Wheelbarrow
33:48 Devotion
33:51 Kamandaran
35:00 Fletching
35:58 Bodkin Arrow
35:27 Crossbowman
37:11 Thumb Ring
37:38 Scale Barding Armor
40:01 Hand Cart
40:53 Chain Barding Armor
founderr
3:52 Loom
10:17 Feudal Age
15:20 Castle Age
13:17 Double-Bit Axe
13:59 Horse Collar
15:21 Wheelbarrow
16:37 Bow Saw
17:43 Heavy Plow
23:37 Gold Mining
23:50 Stone Mining
25:59 Gold Shaft Mining
26:30 Hand Cart
26:01 Town Watch
30:23 Imperial Age
28:09 Town Patrol
27:52 Treadmill Crane
28:33 Ballistics
28:33 Squires
27:54 Pikeman
28:20 Gambesons
28:27 Fletching
28:38 Padded Archer Armor
29:07 Bodkin Arrow
29:20 Murder Holes
30:30 Caravan
30:48 Leather Archer Armor
31:18 Yeomen
32:23 Chemistry
30:51 Cavalier
31:32 Husbandry
31:01 Man-at-Arms
32:07 Bracer
33:16 Ring Archer Armor
32:52 Scale Barding Armor
34:27 Conscription
34:20 Siege Engineers
34:26 Masonry
34:30 Elite Longbowman
35:43 Warwolf
36:19 Hoardings
37:07 Chain Barding Armor
36:48 Scale Mail Armor
36:58 Forging
36:12 Halberdier
37:54 Caravan
39:00 Herbal Medicine
39:42 Plate Barding Armor
39:59 Arson
41:03 Fortified Wall
tommy bobbins
10:56 Feudal Age
15:47 Castle Age
14:10 Double-Bit Axe
14:26 Horse Collar
15:25 Stone Mining
17:24 Wheelbarrow
22:33 Fletching
25:16 Bodkin Arrow
28:22 Hand Cart
30:34 Ballistics
35:09 Imperial Age
35:13 Padded Archer Armor
35:51 Heavy Plow
35:21 Elite Fire Archer
36:53 Murder Holes
38:01 Conscription
38:45 Bracer
Alaresun
11:00 Feudal Age
12:18 Double-Bit Axe
12:36 Gold Mining
12:27 Horse Collar
14:41 Loom
17:24 Castle Age
15:58 Scale Mail Armor
16:48 Forging
17:43 Pikeman
19:15 Chain Mail Armor
21:07 Iron Casting
25:14 Bow Saw
25:36 Arson
26:37 Wheelbarrow
28:28 Hand Cart
28:50 Stone Mining
29:50 Gold Shaft Mining
30:37 Town Watch
34:36 Imperial Age
33:59 Stone Shaft Mining
34:50 Fletching
36:21 Conscription
36:43 Furor Celtica
36:56 Heavy Plow
37:47 Plate Mail Armor
38:19 Blast Furnace
37:49 Caravan
39:13 Bodkin Arrow
39:02 Onager
41:18 Siege Engineers
42:14 Chemistry
Waj
2:58 Loom
12:48 Feudal Age
17:02 Castle Age
14:55 Horse Collar
15:02 Double-Bit Axe
16:03 Bloodlines
20:13 Wheelbarrow
21:10 Forging
21:08 Scale Barding Armor
21:44 Husbandry
25:15 Hand Cart
25:54 Fletching
26:02 Elite Skirmisher
28:20 Iron Casting
29:01 Heavy Plow
28:59 Gold Mining
29:00 Stone Mining
29:38 Ballistics
29:22 Padded Archer Armor
29:38 Bodkin Arrow
32:15 Bow Saw
34:43 Imperial Age
33:16 Marauders
36:06 Conscription
37:05 Chain Barding Armor
37:46 Blast Furnace
38:00 Bracer
38:25 Elite Tarkan
zelvos
11:05 Feudal Age
16:27 Castle Age
14:32 Horse Collar
14:56 Double-Bit Axe
17:37 Bow Saw
17:42 Heavy Plow
21:22 Wheelbarrow
23:39 Pikeman
30:10 Imperial Age
28:01 Forging
27:53 Scale Mail Armor
29:14 Hand Cart
29:39 Ballistics
30:22 Chemistry
30:56 Heavy Scorpion
30:59 Houfnice
32:17 Ballistics
32:30 Masonry
34:04 Siege Engineers
35:20 Halberdier
37:55 Wagenburg Tactics
38:24 Masonry
38:18 Caravan
Connection lost

Rejoining the realm…

Still unreachable

The connection could not be restored.

Session expired

The server has moved on; the page needs a fresh start.